 Dungeon Crawl Stone Soup version 0.27.0-1-g7a089689b8 (webtiles) character file.

Game seed: 5370619326114772761

4311 Anothat the Fighter (level 10, -8/81 HPs)
             Began as a Djinni Conjurer on Aug 8, 2021.
             Was a Believer of Makhleb.
             Mangled by a slime creature (9 damage)
             ... on level 8 of the Dungeon.
             The game lasted 00:25:08 (12564 turns).

Anothat the Fighter (Djinni Conjurer)              Turns: 12564, Time: 00:25:08

Health: -8/81      AC:  3    Str:  8    XL:     10   Next: 58%
Gold:   362        EV: 12    Int: 22    God:    Makhleb [**....] SH:  0 Dex: 11

rFire    + + .     SeeInvis .   j - +2 rapier (venom)
rCold    x . .     Faith    .   (no shield)
rNeg     . . .     Spirit   .   a - +0 robe
rPois    ∞         Reflect  .   (no helmet)
rElec    .         Harm     .   A - +0 cloak
rCorr    .         Rampage  .   (no gloves)
Will     +....                  (boots unavailable)
Stlth    ++........             (no amulet)
HPRegen  0.23/turn              (no ring)
MPRegen  0.00/turn              (no ring)

@: flying
A: sickness immunity, fire resistance 2, cold vulnerability 1, float, innate
caster, hp casting, extra vitality 1
a: Renounce Religion, Minor Destruction


You were on level 8 of the Dungeon.
You worshipped Makhleb.
Makhleb was pleased with you.
You visited 2 branches of the dungeon, and saw 10 of its levels.

You collected 362 gold pieces.

Inventory:

Hand Weapons
 d - a +0 dagger
 i - a +0 rapier
 j - a +2 rapier of venom (weapon)
Armour
 a - a +0 robe (worn)
 A - a +0 cloak (worn)
Magical Staves
 k - a staff of death
Wands
 p - a wand of polymorph (1)
 q - a wand of acid (6)
 w - a wand of iceblast (21)
 B - a wand of flame (13)
Scrolls
 b - 2 scrolls of brand weapon {unknown}
 c - 11 scrolls of identify {unknown}
 g - 2 scrolls of amnesia {unknown}
 l - 2 scrolls of noise
 m - 2 scrolls of fog {unknown}
 n - a scroll of teleportation {unknown}
 o - 2 scrolls of magic mapping {unknown}
 s - a scroll of blinking {unknown}
 t - a scroll of torment {unknown}
 u - a scroll of fear {unknown}
 v - 2 scrolls of enchant weapon {unknown}
 y - a scroll of silence {unknown}
 C - a scroll of immolation {unknown}
Potions
 e - 4 potions of curing {unknown}
 h - a potion of haste
 r - 2 potions of magic {unknown}
 x - a potion of invisibility {unknown}
 z - a potion of ambrosia {unknown}


   Skills:
 + Level 10.3 Fighting
 - Level 2.1 Dodging
 - Level 1.5 Stealth
 + Level 8.7 Spellcasting


You had 3 spell levels left.
You knew the following spells:

 Your Spells              Type           Power      Damage    Failure   Level
a - Magic Dart            Conj           100%       1d8       1%          1
b - Searing Ray           Conj           96%        3d7       1%          2
c - Dazzling Flash        Conj/Hex       96%        N/A       1%          3
d - Fulminant Prism       Conj/Hex       24%        3d13      1%          4
e - Iskenderun's Mystic   Conj/Tloc      48%        2d11      1%          4
f - Apportation           Tloc           96%        N/A       1%          1
g - Static Discharge      Conj/Air       48%        N/A       1%          2
h - Conjure Flame         Conj/Fire      48%        6-21      1%          3
i - Gell's Gravitas       Tloc           24%        N/A       1%          3
Your spell library was empty.

Dungeon Overview and Level Annotations

Branches:
Dungeon (9/15)             Temple (1/1) D:4
   Lair: D:8-11         Orc: D:9-12

Altars:
Cheibriados
Elyvilon
Fedhas
Gozag
Hepliaklqana
Makhleb
Nemelex Xobeh
Qazlal
Ru
Sif Muna
Trog
Uskayaw
Vehumet
Wu Jian
Xom
Yredelemnul
Zin
The Shining One

Shops:
D:6 (


Innate Abilities, Weirdness & Mutations

You are immune to sickness and miasma.
You are immune to poison.
Your flesh is very heat resistant. (rF++)
You are vulnerable to cold. (rC-)
You float through the air rather than walking.
You learn spells naturally, not from books.
Your magical power is your life essence.
You have superior vitality. (+4 HP)


Message History

Confirm with . or Enter, or press ? or * to list all spells.
Aiming: Magic Dart (safe; 1% risk of failure)
Press: ? - help, Shift-Dir - straight line, f - slime creature
Aim: a slime creature (moderately wounded, very poisoned, 100% to hit)
The magic dart hits the slime creature.
The slime creature is heavily wounded.
The slime creature misses you.
Casting: Magic Dart (safe; 1% risk of failure)
Confirm with . or Enter, or press ? or * to list all spells.
Aiming: Magic Dart (safe; 1% risk of failure)
Press: ? - help, Shift-Dir - straight line, f/p - slime creature
Aim: a slime creature (heavily wounded, poisoned, 100% to hit)
The magic dart hits the slime creature.
The slime creature is heavily wounded.
The slime creature hits you!!
* * * LOW HITPOINT WARNING * * *
Aiming: Corrosive Bolt
Press: ? - help, Shift-Dir - straight line, f/p - slime creature
Aim: a slime creature (heavily wounded, poisoned, 94% to hit)
The bolt of acid hits the slime creature!
The slime creature is splashed with acid.
The slime creature is severely wounded.
The slime creature closely misses you.
Aiming: Throw Flame
Press: ? - help, Shift-Dir - straight line, f/p - slime creature
Aim: a slime creature (severely wounded, poisoned, 93% to hit)
The puff of flame hits the slime creature!
The slime creature is almost dead.
The slime creature hits you!
* * * LOW HITPOINT WARNING * * *
You don't have any such object.
Evoke which item? (* to show all) (? for menu, Esc to quit)
Okay, then.
Aiming: Throw Flame
Press: ? - help, Shift-Dir - straight line, f/p - slime creature
Aim: a slime creature (almost dead, poisoned, 93% to hit)
The puff of flame hits the slime creature!
The slime creature is almost dead.
The slime creature hits you!
You die...

.........##.........###...#######
.........)...##.....# ##.........
.........(..####...## #...####..
.......##.....##...# #..## #..
......###..([(###..## #..# #..
......###.....###...####.## #..
......##......)###....#### #..
.>............#J.####.# #..
..............##@.##.(# ####..
.......#........#..[..## ##....#
.......#...............## #....##
...#..##..##............###....#
...##.....#.......#.##........##
....#....##..##########........#
..........#..# ##........#
.......##....#########.........##
..........#......................


You could see a slime creature (poisoned).

Vanquished Creatures
  Erolcha (D:9)
  Pikel (D:9)
  A shadow (D:9)
  2 wyverns (D:8)
  Duvessa (D:6)
  An ice beast (D:7)
  An orc warrior (D:9)
  A black bear (D:6)
  A necrophage (D:6)
  An ogre (D:5)
  2 centaurs
  4 lemures (D:9)
  2 phantoms
  A kobold brigand (D:8)
  3 bullfrogs
  A wyvern zombie (D:8)
  Dowan (D:6)
  A scorpion (D:5)
  4 killer bees (D:9)
  8 wights
  A bullfrog zombie (D:5)
  3 hounds
  A centaur zombie (D:7)
  Crazy Yiuf (D:6)
  4 orc priests
  A jelly (D:5)
  A centaur skeleton (D:7)
  5 iguanas
  6 orc wizards
  A killer bee zombie (D:6)
  2 gnolls
  A howler monkey skeleton (D:7)
  9 adders
  2 shadow imps
  A white imp (D:6)
  2 ufetubi (D:6)
  A dart slug (D:4)
  22 orcs
  5 ball pythons
  7 bats
  7 endoplasms
  3 giant cockroaches
  7 hobgoblins
  15 jackals
  3 quokkas
  2 frilled lizards
  7 goblins
  9 kobolds
  3 rats
  2 fulminant prisms (D:9)
172 creatures vanquished.

Vanquished Creatures (others)
  15 fulminant prisms
  42 plants (D:9)
57 creatures vanquished.

Grand Total: 229 creatures vanquished

Notes
Turn   | Place    | Note
-------+----------+-------------------------------------------
     0 | D:1      | Anothat the Djinni Conjurer began the quest for the Orb.
     0 | D:1      | Reached XP level 1. HP: 15/15 MP: 0/0
   123 | D:1      | Found a faded altar of an unknown god.
   464 | D:1      | Reached XP level 2. HP: 20/22 MP: 0/0
   500 | D:1      | Reached skill level 1 in Fighting
   826 | D:1      | Reached XP level 3. HP: 24/27 MP: 0/0
   826 | D:1      | Learned a level 1 spell: Apportation
  1503 | D:1      | Reached skill level 2 in Fighting
  2092 | D:2      | Reached XP level 4. HP: 24/33 MP: 0/0
  2855 | D:3      | Reached skill level 3 in Fighting
  2855 | D:3      | Reached XP level 5. HP: 24/40 MP: 0/0
  2855 | D:3      | Learned a level 2 spell: Static Discharge
  3950 | D:4      | Noticed a phantom
  3968 | D:4      | Reached XP level 6. HP: 43/46 MP: 0/0
  3988 | D:4      | Found a staircase to the Ecumenical Temple.
  3997 | Temple   | Entered the Ecumenical Temple
  4004 | Temple   | Became a worshipper of Makhleb the Destroyer
  4437 | D:4      | Reached skill level 4 in Fighting
  4442 | D:4      | Reached XP level 7. HP: 16/53 MP: 0/0
  4442 | D:4      | Learned a level 3 spell: Conjure Flame
  4622 | D:4      | Noticed Eustachio
  4643 | D:4      | Noticed Eustachio
  4643 | D:4      | Eustachio changed into Eustachio the iguana
  4647 | D:4      | Killed Eustachio the iguana
  4796 | D:4      | Identified the +1 ring mail "Vorig" {rPois}
  5499 | D:5      | Entered Level 5 of the Dungeon
  5526 | D:5      | Reached skill level 5 in Spellcasting
  5562 | D:5      | Reached skill level 5 in Fighting
  6077 | D:5      | Reached XP level 8. HP: 43/61 MP: 0/0
  6174 | D:5      | Reached * piety under Makhleb
  6391 | D:5      | Reached skill level 6 in Fighting
  7389 | D:6      | Noticed Duvessa
  7391 | D:6      | Noticed Dowan
  7399 | D:6      | Killed Duvessa
  7400 | D:6      | Reached skill level 7 in Fighting
  7400 | D:6      | Killed Dowan
  7469 | D:6      | Found Kiem's Antique Weapon Emporium.
  7577 | D:6      | Reached XP level 9. HP: 57/68 MP: 0/0
  7577 | D:6      | Learned a level 3 spell: Gell's Gravitas
  7680 | D:6      | Found a runed translucent door.
  7681 | D:6      | Noticed Crazy Yiuf
  8236 | D:6      | Killed Crazy Yiuf
  8796 | D:7      | Reached skill level 8 in Fighting
  9087 | D:7      | Reached ** piety under Makhleb
  9725 | D:7      | Found a bloodstained altar of Trog.
  9794 | D:7      | Found an ornate altar of the Wu Jian Council.
  9794 | D:7      | Found a glowing silver altar of Zin.
 10480 | D:8      | Reached skill level 9 in Fighting
 11429 | D:9      | Reached XP level 10. HP: 74/78 MP: 0/0
 11471 | D:9      | Noticed Erolcha
 11484 | D:9      | Killed Erolcha
 11566 | D:9      | Noticed Pikel
 11576 | D:9      | Killed Pikel
 11577 | D:9      | Reached skill level 10 in Fighting
 12019 | D:9      | Noticed a komodo dragon
 12026 | D:9      | HP: 4/81 [very large slime creature (52)]
 12032 | D:9      | HP: 1/81 [steam dragon/ball of steam (4)]
 12563 | D:8      | HP: 1/81 [slime creature (8)]
 12564 | D:8      | Mangled by a slime creature

Illustrated notes

Levels and vault maps discovered:
D:1:      matt_arrival_spirals, layout_loops_corners,
          ebering_ecumenical_altar_webs
D:2:      cheibrodos_helix_gallery, layout_rooms, chequers_serial_rivers_room_a,
          minmay_misc_feat_room
D:3:      layout_loops_ring, cheibrodos_gnoll_hut
D:4:      cheibrodos_old_hovel, layout_cave_pods, minmay_temple_entry_trees,
          uniq_eustachio
D:5:      layout_rooms, hex_large
D:6:      layout_loops_ring, chequers_serial_rivers_marsh,
          hangedman_glass_teeth, kennysheep_windowed_goal, uniq_duvessa,
          uniq_crazy_yiuf_cottage
D:7:      layout_basic, nicolae_overflow_hidden_temple, enter_bailey_3,
          kennysheep_generic_room_14
D:8:      layout_layer_cave, minmay_between
D:9:      layout_cave_pools, david_lair_shrubbed, uniq_erolcha, uniq_pikel
Temple:   nicolae_temple_no_exploring_needed

Skill      XL: |  1  2  3  4  5  6  7  8  9 10 |
---------------+-------------------------------+-----
Fighting       | 1 2 3 4 5 7 9 10 | 10.3
Spellcasting   | 4 5 6 7 8 |  8.7
Dodging        | |  2.1
Stealth        | |  1.5

Action                   |  1- 3 |  4- 6 |  7- 9 | 10-12 || total
-------------------------+-------+-------+-------+-------++-------
Melee: Dagger            |       |    29 |       |       ||    29
       Rapier            |       |       |    21 |     6 ||    27
 Cast: Magic Dart        |    82 |    65 |   137 |    14 ||   298
       Searing Ray       |     2 |     8 |    22 |     5 ||    37
       Dazzling Flash    |       |     4 |     1 |       ||     5
       Conjure Flame     |       |       |    12 |       ||    12
       Fulminant Prism   |       |       |     6 |    11 ||    17
       Iskenderun's Myst |       |       |     9 |     9 ||    18
Evoke: Wand              |       |       |     7 |     7 ||    14
  Use: Potion            |       |     6 |       |     3 ||     9
       Scroll            |       |       |       |     1 ||     1
 Stab: Invisible         |       |     1 |       |       ||     1
Armor: Robe              |     6 |     1 |    18 |       ||    25
       Skin              |       |    44 |       |       ||    44
Dodge: Dodged            |    26 |    34 |    46 |    15 ||   121
